 Dungeon Crawl Stone Soup version 0.23.2-1-ga50397a (webtiles) character file.

Game seed: 17912543106966663756

214 troglodite the Digger (level 5, -1/29 HPs)
             Began as a Gargoyle Earth Elementalist on May 28, 2019.
             Slain by an iguana (12 damage)
             ... on level 4 of the Dungeon.
             The game lasted 00:14:38 (4504 turns).

troglodite the Digger (Gargoyle Earth Elementalist) Turns: 4504, Time: 00:14:39

Health: -1/29      AC:  7    Str: 11    XL:     5   Next: 92%
Magic:  2/8        EV: 12    Int: 16    God:
Gold:   105        SH:  0    Dex: 11    Spells: 5/9 levels left

rFire    . . .     SeeInvis .   i - +0 mace
rCold    . . .     Gourm    .   (no shield)
rNeg     + . .     Faith    .   c - +0 robe
rPois    ∞         Spirit   .   (no helmet)
rElec    +         Reflect  .   (no cloak)
rCorr    .         Harm     .   m - +0 pair of gloves
MR       .....                  (no boots)
Stlth    ++........             (no amulet)
HPRegen  0.09/turn              (no ring)
MPRegen  0.11/turn              (no ring)

@: very slightly contaminated
A: negative energy resistance 1, electricity resistance, unbreathing,
petrification resistance, rot immunity, AC +4
a: no special abilities


You were on level 4 of the Dungeon.
You were not hungry.

You visited 1 branch of the dungeon, and saw 4 of its levels.

You collected 105 gold pieces.

Inventory:

Hand Weapons
 i - a +0 mace (weapon)
Missiles
 b - 58 stones (quivered)
 f - 15 sling bullets
Armour
 c - a +0 robe (worn)
 m - a +0 pair of gloves (worn)
Scrolls
 a - 5 scrolls of identify {unknown}
 e - 4 scrolls of teleportation {unknown}
 g - 2 scrolls of remove curse {unknown}
 j - 2 scrolls of enchant armour {unknown}
 k - a scroll of immolation {unknown}
 p - 3 scrolls of magic mapping {unknown}
Potions
 h - 2 potions of curing {unknown}
 l - a potion of brilliance {unknown}
 o - a potion of degeneration {unknown}
 q - 2 potions of haste {unknown}
Comestibles
 d - 2 rations


   Skills:
 * Level 1.4 Fighting
 * Level 2.8 Maces & Flails
 * Level 2.3 Dodging
 * Level 3.1 Stealth
 * Level 2.5 Spellcasting
 * Level 1.2 Conjurations
   Level 0.7 Transmutations
 * Level 4.4 Earth Magic


You had 5 spell levels left.
You knew the following spells:

 Your Spells              Type           Power        Failure   Level  Hunger
a - Sandblast             Erth           ###...       3%          1    #......
b - Stone Arrow           Conj/Erth      ##....       19%         3    ###....

Your spell library contained the following spells:

 Spells                   Type           Power        Failure   Level  Hunger
 Passwall                 Tmut/Erth      ##......     11%         2    ##.....
 Petrify                  Tmut/Erth      ##......     56%         4    #####..
 Lee's Rapid Deconstruct  Erth           ###.......   65%         5    ######.


Dungeon Overview and Level Annotations

Branches:
Dungeon (4/15)
 Temple: D:4-7

Altars:


Innate Abilities, Weirdness & Mutations

You are resistant to torment.
Your stone body is resilient. (AC +4)
You are immune to poison.
You resist negative energy. (rN+)
You are resistant to electric shocks. (rElec)
You can survive without breathing.
You are immune to petrification.
You are immune to rotting.


Message History

The iguana closely misses you.
You hit the iguana.
The iguana is severely wounded.
The iguana bites you but does no damage.
You closely miss the iguana.
The iguana is severely wounded.
The iguana barely misses you. The iguana misses you.
You closely miss the iguana.
The iguana is severely wounded.
The iguana barely misses you.
You closely miss the iguana.
The iguana is severely wounded.
The iguana bites you.
You hit the iguana.
The iguana is severely wounded.
The iguana bites you! The iguana closely misses you.
You hit the iguana.
The iguana is almost dead.
The iguana bites you!
You die...

### ####<#####
#........#
#........#
#........#
#........###.#
#............#
#.....l@.####
#......†.......
####.#.........
#.#.........
#.#.........
#.#.........
#.#.########
#.#


You could see an iguana.

Vanquished Creatures
  A scorpion (D:3)
  A crimson imp (D:3)
  Terence (D:2)
  3 adders (D:2)
  An ooze (D:2)
  2 worms (D:2)
  3 leopard geckos
  7 orcs (D:3)
  2 ball pythons (D:2)
  5 bats
  2 giant cockroaches
  5 goblins
  4 hobgoblins (D:1)
  11 jackals
  A quokka (D:3)
  2 frilled lizards
  5 kobolds
  6 rats
62 creatures vanquished.

Vanquished Creatures (others)
  3 plants (D:3)
3 creatures vanquished.

Grand Total: 65 creatures vanquished

Notes
Turn   | Place    | Note
-------+----------+-------------------------------------------
     0 | D:1      | troglodite the Gargoyle Earth Elementalist began the quest
                  | for the Orb.
     0 | D:1      | Reached XP level 1. HP: 10/10 MP: 3/3
   557 | D:1      | Reached skill level 4 in Earth Magic
   557 | D:1      | Reached XP level 2. HP: 10/15 MP: 5/5
  1466 | D:2      | Reached XP level 3. HP: 17/20 MP: 6/6
  1876 | D:2      | Noticed Terence
  1999 | D:2      | Killed Terence
  1999 | D:2      | Reached skill level 1 in Maces & Flails
  1999 | D:2      | Reached XP level 4. HP: 16/24 MP: 5/7
  2174 | D:2      | Reached skill level 1 in Fighting
  2370 | D:2      | Learned a level 3 spell: Stone Arrow
  2677 | D:3      | Noticed an ogre
  3310 | D:3      | Reached XP level 5. HP: 29/29 MP: 8/8
  3769 | D:3      | Reached skill level 1 in Conjurations
  4504 | D:4      | Slain by an iguana

Skill      XL: |  1  2  3  4  5 |
---------------+----------------+-----
Earth Magic    | 4 |  4.4
Dodging        | 2 |  2.3
Maces & Flails | 1 2 |  2.8
Fighting       | 1 |  1.4
Stealth        | 3 |  3.1
Conjurations   | 1 |  1.2
Spellcasting   | |  2.5
Transmutations | |  0.7

Action                   |  1- 3 |  4- 6 || total
-------------------------+-------+-------++-------
Melee: Mace              |   107 |   249 ||   356
       Short sword       |     9 |       ||     9
       Unarmed           |     9 |       ||     9
 Cast: Sandblast         |     7 |     3 ||    10
       Stone Arrow       |       |    16 ||    16
 Stab: Sleeping          |     1 |     1 ||     2
  Eat: Chunk             |     3 |     5 ||     8
       Ration            |       |     2 ||     2
Armor: Robe              |    49 |   106 ||   155
Dodge: Dodged            |   111 |   184 ||   295
